AoeStats
← john.guargu

Black Forest

506967343Analyzed
4v4 RM · 17d ago on Sep 16, 2026· 43m 3s· 8 players
Game mode
Random Map
Map size
Large (8 player)
Population
200
Speed
Normal
Resources
Standard
Victory
Conquest
Starting age
Dark Age
Ending age
Imperial Age
RankedLock teamsTeams togetherTeam positionsShared explorationLock speedFull tech treeHidden civsTurbo modeCheats
Victory
Defeat
🇨🇴 Khmer · Colombia
660
+5
🇨🇱 Slavs · Chile
637
+6
🇦🇷 Lithuanians · Argentina
595
+7
🇨🇦 Spanish · Canada
522
+10
🇨🇱 Malay · Chile
476
-9
🇦🇷 Persians · Argentina
401
-8
🇺🇸 Teutons · United States
339
-6
🇨🇴 Japanese · Colombia
294
-5
drummers.r.us
0:48 Loom
john.guargu
1:23 Loom
14:18 Feudal Age
Daraco
0:27 Loom
maximo.cmd
1:00 Loom
11:00 Feudal Age
13:25 Wheelbarrow
24:29 Horse Collar
25:34 Gold Mining
25:34 Stone Mining
36:19 Castle Age
36:34 Husbandry
38:05 Heavy Plow
40:46 Hand Cart
44:42 Imperial Age
roobinson.15
0:46 Loom
10:36 Feudal Age
12:04 Double-Bit Axe
12:33 Horse Collar
14:23 Town Watch
17:45 Wheelbarrow
20:00 Town Watch
23:26 Castle Age
25:16 Stone Mining
26:11 Caravan
28:07 Gold Mining
29:08 Hand Cart
32:03 Imperial Age
30:08 Bow Saw
30:39 Heavy Plow
30:43 Town Patrol
33:47 Cavalier
34:28 Husbandry
34:38 Bloodlines
33:49 Light Cavalry
36:21 Crop Rotation
35:52 Murder Holes
36:08 Fortified Wall
36:19 Ballistics
37:00 Chemistry
38:23 Hussar
39:14 Scale Barding Armor
39:09 Scale Mail Armor
39:20 Forging
39:58 Gold Shaft Mining
40:05 Stone Shaft Mining
40:21 Chain Barding Armor
42:07 Chain Mail Armor
42:29 Iron Casting
Intrinsicmotivation
0:27 Loom
18:45 Feudal Age
20:11 Wheelbarrow
19:25 Double-Bit Axe
19:23 Horse Collar
19:49 Man-at-Arms
20:15 Arson
27:03 Castle Age
25:16 Stone Mining
31:17 Hand Cart
31:59 Heavy Plow
32:15 Bow Saw
34:19 Gold Mining
39:26 Imperial Age
37:08 Murder Holes
37:12 Town Watch
39:20 Light Cavalry
40:11 Bloodlines
40:01 Husbandry
39:26 Pikeman
39:52 Gambesons
40:46 Caravan
42:42 Hoardings
44:08 Two-Man Saw
corpame
3:17 Loom
15:58 Feudal Age
16:26 Town Watch
17:27 Wheelbarrow
20:45 Horse Collar
20:54 Double-Bit Axe
21:04 Stone Mining
21:18 Gold Mining
23:04 Fletching
29:26 Castle Age
30:26 Hand Cart
30:11 Town Patrol
30:16 Heavy Plow
30:29 Bow Saw
30:57 Gold Shaft Mining
30:45 Bodkin Arrow
36:37 Imperial Age
34:10 Murder Holes
37:07 Caravan
39:09 Chemistry
37:42 Elite Skirmisher
39:05 Forging
38:56 Scale Mail Armor
39:01 Scale Barding Armor
39:32 Capped Ram
40:13 Man-at-Arms
40:54 Squires
42:30 Ballistics
42:02 Guard Tower
42:22 Fortified Wall
42:24 Masonry
41:40 Long Swordsman
42:03 Pikeman
42:06 Crossbowman
44:16 Iron Casting
43:57 Chain Mail Armor
44:03 Chain Barding Armor
Luciano24cm
5:51 Loom
9:08 Feudal Age
9:49 Double-Bit Axe
22:45 Castle Age
20:46 Horse Collar
21:24 Gold Mining
21:37 Stone Mining
23:59 Bow Saw
25:03 Forging
29:04 Fervor
33:51 Imperial Age
31:17 Town Watch
31:58 Town Patrol
32:41 Wheelbarrow
32:17 Heavy Plow
33:19 Stone Shaft Mining
33:31 Coinage
33:39 Hand Cart
34:06 Scale Barding Armor
34:12 Forging
35:39 Two-Man Saw
35:13 Crop Rotation
35:17 Chain Barding Armor
34:58 Onager
37:07 Iron Casting
35:57 Elite Leitis
36:51 Bloodlines
36:42 Husbandry
37:57 Plate Barding Armor
37:13 Fletching
37:24 Padded Archer Armor
Connection lost

Rejoining the realm…

Still unreachable

The connection could not be restored.

Session expired

The server has moved on; the page needs a fresh start.